 Dungeon Crawl Stone Soup version 0.28-a0-919-g0b5b508569 (webtiles) character file.

Game seed: 1235941982240032220

118534 Twinkles the Spry (level 17, -6/113 HPs)
             Began as a Kobold Brigand on Nov 23, 2021.
             Was a High Priest of Okawaru.
             Mangled by a merfolk (17 damage)
             ... on level 1 of the Shoals on Nov 25, 2021.
             The game lasted 05:02:46 (48232 turns).

Twinkles the Spry (Kobold Brigand)                 Turns: 48232, Time: 05:02:47

Health: -6/113     AC: 16    Str: 14    XL:     17   Next: 32%
Magic:  23/23      EV: 22    Int: 14    God:    Okawaru [*****.]
Gold:   1721       SH:  0    Dex: 17    Spells: 11/16 levels left

rFire   . . .      SeeInvis .   a - +8 quick blade of the Beast {vorpal, rCorr Dex-5 Stlth+}
rCold   . . .      Faith    .   (shield restricted)
rNeg    . . .      Spirit   .   C - +0 swamp dragon scales
rPois   +          Reflect  .   g - +2 helmet
rElec   .          Harm     .   c - +1 cloak
rCorr   +          Rampage  .   P - +1 pair of gloves
Will    ++...                   u - +0 pair of boots
Stlth   +++++++...              n - amulet of regeneration
HPRegen 1.08/turn               x - ring of willpower
MPRegen 0.18/turn               S - +6 ring of dexterity

@: mighty
A: small, no large weapons, nightstalker 3
a: Renounce Religion, Heroism, Finesse, Duel


You were on level 1 of the Shoals.
You worshipped Okawaru.
Okawaru was extremely pleased with you.
You visited 6 branches of the dungeon, and saw 26 of its levels.

You collected 2285 gold pieces.
You spent 564 gold pieces at shops.

Inventory:

Hand Weapons
 a - the +8 quick blade of the Beast (weapon) {vorpal, rCorr Dex-5 Stlth+}
   (Okawaru gifted it to you on level 4 of the Lair of Beasts)

   It inflicts extra damage upon your enemies.
   Dex:       It affects your dexterity (-5).
   rCorr:     It protects you from acid and corrosion.
   Stlth:     It makes you more stealthy.
 b - a +0 hand crossbow
 v - a +1 rapier of venom
 K - a +3 vorpal arbalest
Missiles
 d - 39 poisoned darts (quivered)
 e - 11 curare-tipped darts
 o - 40 boomerangs
 t - 4 atropa-tipped darts
 z - 160 bolts
 W - 9 datura-tipped darts
Armour
 c - a +1 cloak (worn)
 f - the +3 pair of seven-league boots {Rampage+∞}
   (You found it on level 6 of the Lair of Beasts)

   Its wearer moves as far as possible in that direction when moving towards
   enemies.
 g - a +2 helmet (worn)
 k - the +1 leather armour of Omission {rElec}
   (You found it on level 5 of the Dungeon)

   rElec:     It insulates you from electricity.
 r - the +0 buckler "Gifyx" {rC+ rCorr}
   (You found it on level 12 of the Dungeon)

   rC:        It protects you from cold.
   rCorr:     It protects you from acid and corrosion.
 u - a +0 pair of boots (worn)
 w - the +0 pair of boots of Unambiguity {Will- rCorr Int+2 Slay+3}
   (Okawaru gifted it to you on level 13 of the Dungeon)

   Int:       It affects your intelligence (+2).
   Slay:      It affects your accuracy & damage with ranged weapons and melee
   (+3).
   rCorr:     It protects you from acid and corrosion.
   Will:      It decreases your willpower.
 C - +0 swamp dragon scales (worn)
 P - a +1 pair of gloves (worn)
Jewellery
 m - an amulet of the acrobat
 n - an amulet of regeneration (around neck)
 s - a ring of willpower
 x - a ring of willpower (left hand)
 S - a +6 ring of dexterity (right hand)
Wands
 h - a wand of acid (16)
 i - a wand of iceblast (23)
 j - a wand of polymorph (17)
 p - a wand of paralysis (5)
 q - a wand of flame (46)
 y - a wand of mindburst (13)
Scrolls
 E - 3 scrolls of fear
 F - 2 scrolls of fog
 O - 2 scrolls of silence
 U - a scroll of acquirement
 V - a scroll of vulnerability
 X - 2 scrolls of magic mapping
 Y - 10 scrolls of teleportation
 Z - 10 scrolls of identify
Potions
 A - 3 potions of attraction
 B - 3 potions of brilliance
 G - 2 potions of ambrosia
 H - 4 potions of haste
 I - 3 potions of invisibility
 J - 13 potions of curing
 L - a potion of flight
 M - 4 potions of might
 N - a potion of heal wounds
 Q - 3 potions of magic
 R - 3 potions of resistance
Miscellaneous
 l - a condenser vane (inert)


   Skills:
 + Level 15.5 Fighting
 - Level 9.4 Short Blades
 * Level 12.3 Crossbows
 - Level 7.9 Throwing
 + Level 3.8 Armour
 - Level 15.8 Dodging
 - Level 15.5 Stealth
 - Level 3.5 Shields
 - Level 8.0 Translocations
 - Level 8.0 Invocations
 - Level 10.0 Evocations


You had 11 spell levels left.
You knew the following spells:

 Your Spells              Type           Power      Damage    Failure   Level
a - Blink                 Tloc           44%        N/A       3%          2
b - Lesser Beckoning      Tloc           22%        N/A       6%          3

Your spell library contained the following spells:

 Spells                   Type           Power      Damage    Failure   Level
 Manifold Assault         Tloc           22%        N/A       50%         5
 Ensorcelled Hibernation  Hex/Ice        0%         N/A       63%         2
 Blade Hands              Tmut           0%         N/A       100%        5
 Irradiate                Conj/Tmut      0%         3d14      100%        5
 Iskenderun's Battlesphe  Conj           0%         2d6       100%        5
 Iron Shot                Conj/Erth      0%         9d1       100%        6
 Dragon Form              Tmut           0%         N/A       100%        7
 Storm Form               Tmut/Air       0%         N/A       100%        7
 Maxwell's Capacitive Co  Air            0%         ∞         100%        8
 Tukima's Dance           Hex            Unusable   N/A       N/A         3
 Summon Lightning Spire   Summ/Air       Unusable   N/A       N/A         4
 Spellforged Servitor     Conj/Summ      Unusable   N/A       N/A         7

Dungeon Overview and Level Annotations

Branches:
Dungeon (15/15)            Temple (1/1) D:5            Lair (6/6) D:11
 Shoals (1/4) Lair:4       Spider (1/4) Lair:3        Slime (0/5) Lair:5
    Orc (2/2) D:11            Elf (0/3) Orc:2        Depths (0/4) D:15
 Vaults: D:13-14

Altars:
Ashenzari
Cheibriados
Dithmenos
Elyvilon
Fedhas
Gozag
Hepliaklqana
Kikubaaqudgha
Makhleb
Nemelex Xobeh
Okawaru
Qazlal
Ru
Sif Muna
Trog
Uskayaw
Vehumet
Wu Jian
Xom
Yredelemnul
Zin
The Shining One
Beogh
Jiyva

Shops:
D:1 [   D:8 (   D:11 !   D:15 ([=(   Orc:2 [((*

Portals:
Abyss: D:10

Annotations:
D:7 exclusion: deep elf pyromancer
D:8 2 transporters, exclusion: boulder beetle, a11behringer's ghost, novice MiBe
D:9 exclusion: wizard
D:10 2 transporters, Pooter's ghost, novice MiBe
D:11 3 runed translucent doors, mainiacjoe's ghost, journeyman GrFE
D:13 exclusion: door
D:14 baddies!, exclusions: 3 doors, fire elemental, hell hound, human, orc knight and vault guard, Agnes; Azrael; Jorgrun
Lair:4 !Rupert, Rupert
Orc:1 3 runed translucent doors


Innate Abilities, Weirdness & Mutations

You are small and have problems with some larger weapons.
You are completely attuned to the shadows.


Message History

Press: ? - help, Dir - move target Splash!
You fall into the shallow water.
Moving in this stuff is going to be slow.
As you read the scroll of blinking, it crumbles to dust.
The merfolk throws a throwing net.
The throwing net hits you.
You become entangled in the net!
You hear a splash.
The wind drake exhales a fierce blast of wind!
You are blown backwards!
The merfolk is blown away by the wind.
The merfolk shouts!
The merfolk throws a throwing net.
The throwing net hits you.
You become entangled in the net!
The merfolk barely misses you.
There is a staircase back to the Lair here.
Things that are here:
a throwing net; a throwing net You struggle against the net.
A merfolk aquamancer comes into view.
It is wielding a +0 rapier of holy wrath.
The merfolk barely misses you.
The merfolk throws a boomerang.
The boomerang hits you but does no damage.
You tear a large gash into the net.
The wind drake exhales a fierce blast of wind!
You are blown backwards!
The merfolk is blown away by the wind.
A merfolk comes into view. It is wielding a +0 trident.
The merfolk hits you from afar with a +0 trident!
* * * LOW HITPOINT WARNING * * *
The merfolk completely misses you.
The merfolk throws a boomerang.
The boomerang hits you but does no damage.
The wind drake flaps its wings at you. The air twists around and strikes you!
* * * LOW HITPOINT WARNING * * *
There is a staircase back to the Lair here.
You see here a throwing net.
Warning, next level annotated: !Rupert, Rupert Enter next level anyway?
The merfolk aquamancer shouts!
The merfolk hits you from afar with a +0 trident.
* * * LOW HITPOINT WARNING * * *
The merfolk hits you from afar with a +0 trident!
You die...

≈≈≈≈≈≈≈≈≈≈≈≈≈
≈≈≈≈≈≈≈≈m≈≈≈≈≈
≈≈≈≈≈≈≈≈≈≈≈≈≈≈≈≈≈
≈≈≈≈≈≈≈§≈≈≈≈≈≈≈≈≈
≈≈≈≈≈≈≈≈≈(≈≈≈≈≈≈≈
≈≈≈≈≈≈≈≈≈≈≈≈≈≈≈≈≈
≈≈≈≈≈≈..≈≈mmk(≈≈≈≈
≈≈≈≈≈...≈≈≈(≈≈≈≈≈≈
≈≈≈≈.k.≈≈≈≈@≈≈m≈≈≈
≈≈≈≈....≈....m≈≈≈≈
≈≈≈≈≈.........m≈≈≈
≈(≈≈.†.(...###.≈≈
!≈≈......# ..≈
≈≈≈.##...# ≈ m≈≈#
#.... ..≈ ....


You could see a merfolk aquamancer, a wind drake (repels missiles, catching
breath) and 4 merfolk.

Vanquished Creatures
  Donald (Orc:2)
  2 orc warlords
  An ettin (Orc:2)
  Josephine (D:12)
  A rakshasa (D:15)
  6 boulder beetles
  A merfolk avatar (Lair:6)
  9 hydras
  2 catoblepae (Lair:6)
  4 centaur warriors
  5 two-headed ogres
  3 tengu warriors (D:14)
  23 death yaks
  3 orc high priests (Orc:2)
  6 skeletal warriors
  A sea snake (Lair:6)
  A wizard (D:15)
  A necromancer (D:15)
  4 orc knights
  2 harpies (Lair:6)
  A deep elf pyromancer (D:12)
  3 orb spiders (Spider:1)
  4 ugly things
  11 cyclopes
  4 wolf spiders (Spider:1)
  A manticore (D:11)
  4 orc sorcerers
  A merfolk siren (Lair:4)
  7 elephants
  A water nymph (Shoals:1)
  A black mamba (Lair:6)
  A torpor snail (Lair:6)
  2 gargoyles
  2 naga magi (D:15)
  A centaur skeleton (D:15)
  12 cane toads
  14 komodo dragons
  9 rime drakes
  2 demonic crawlers (Spider:1)
  An efreet (D:15)
  A freezing wraith (D:15)
  2 merfolk (Lair:4)
  Prince Ribbit (D:5)
  4 trolls
  5 hornets
  2 wind drakes
  14 slime creatures
  21 jumping spiders (Spider:1)
  6 polar bears
  27 blink frogs
  9 dream sheep
  3 snapping turtles
  2 shadows (D:10)
  A centaur simulacrum (D:14)
  A tarantella (Spider:1)
  18 redbacks (Spider:1)
  5 wraiths
  12 wyverns
  56 yaks
  7 basilisks
  2 steam dragons
  7 vampire mosquitoes
  11 wargs
  An acid dragon (D:11)
  A hell hound (D:14)
  19 water moccasins
  A meliai simulacrum (D:15)
  28 orc warriors
  10 black bears
  3 ice beasts
  10 wolves
  8 ogres
  3 centaurs
  2 phantoms
  A kobold brigand (D:11)
  A wyvern zombie (D:8)
  5 scorpions
  7 bullfrogs
  A water moccasin skeleton (D:5)
  13 killer bees (D:10)
  8 wights
  3 howler monkeys
  4 electric eels
  4 centaur zombies
  4 hounds
  25 orc priests
  A gnoll shaman (D:7)
  3 iguanas
  22 orc wizards
  Ijyb (D:3)
  A killer bee zombie (D:9)
  A hound skeleton (D:4)
  2 howler monkey zombies
  5 gnolls
  4 adders
  A shadow imp (D:6)
  2 ufetubi
  An adder skeleton (D:4)
  3 dart slugs
  90 orcs
  4 ball pythons
  6 bats
  5 endoplasms
  A giant cockroach (D:1)
  9 goblins
  5 hobgoblins
  3 jackals (D:5)
  3 quokkas
  2 frilled lizards
  7 kobolds
  4 rats
  A butterfly (Lair:5)
725 creatures vanquished.

Vanquished Creatures (others)
  A dream sheep (Lair:6)
  15 bushes
  52 fungi
  110 plants
178 creatures vanquished.

Grand Total: 903 creatures vanquished

Notes
Turn   | Place    | Note
-------+----------+-------------------------------------------
     0 | D:1      | Twinkles the Kobold Brigand began the quest for the Orb.
     0 | D:1      | Reached XP level 1. HP: 12/12 MP: 1/1
   108 | D:1      | HP: 3/12 [gnoll (4)]
   110 | D:1      | Reached XP level 2. HP: 5/18 MP: 2/2
   111 | D:1      | HP: 1/18 [goblin (2)]
   587 | D:1      | Reached XP level 3. HP: 22/22 MP: 3/3
  1026 | D:1      | Found Wesamiug's Armour Shoppe.
  1778 | D:2      | You fall into a shaft and drop 2 floors!
  2282 | D:2      | Reached XP level 4. HP: 27/27 MP: 4/4
  3064 | D:3      | Noticed Ijyb
  3077 | D:3      | Killed Ijyb
  3078 | D:3      | Reached XP level 5. HP: 32/32 MP: 5/5
  3200 | D:3      | Reached XP level 6. HP: 37/37 MP: 6/6
  3783 | D:3      | Found a faded altar of an unknown god.
  4909 | D:5      | Entered Level 5 of the Dungeon
  5291 | D:5      | Identified the +1 leather armour of Omission {rElec}
  5370 | D:5      | Reached XP level 7. HP: 25/42 MP: 7/7
  5619 | D:5      | Reached skill level 5 in Short Blades
  5772 | D:5      | Found a staircase to the Ecumenical Temple.
  5778 | Temple   | Entered the Ecumenical Temple
  5808 | Temple   | Became a worshipper of Warmaster Okawaru
  6205 | D:5      | Reached XP level 8. HP: 48/48 MP: 8/8
  6287 | D:5      | Reached skill level 1 in Invocations
  6457 | D:5      | Noticed Prince Ribbit
  6485 | D:5      | Killed Prince Ribbit
  6486 | D:5      | Reached skill level 5 in Throwing
  6592 | D:5      | Reached skill level 5 in Fighting
  6592 | D:5      | Reached skill level 5 in Dodging
  6758 | D:6      | Reached * piety under Okawaru
  7122 | D:6      | Reached XP level 9. HP: 54/54 MP: 11/11
  7950 | D:6      | Reached ** piety under Okawaru
  9061 | D:7      | HP: 16/56 [gnoll shaman (9)]
  9464 | D:7      | Reached XP level 10. HP: 61/61 MP: 13/13
 10048 | D:7      | Reached skill level 5 in Invocations
 10381 | D:7      | Noticed a deep elf pyromancer
 10608 | D:8      | Noticed a boulder beetle
 10918 | D:8      | Found a transporter.
 10919 | D:8      | Found a transporter.
 10919 | D:8      | Noticed a moth of wrath
 11097 | D:8      | Upgraded the game from 0.28-a0-895-g6e5f11bd55 to
                  | 0.28-a0-906-g0406aca7d3
 11977 | D:6      | Reached *** piety under Okawaru
 12759 | D:8      | Found Cevat's Weapon Shoppe.
 12826 | D:8      | Found a broken altar of Ashenzari.
 12831 | D:8      | Found a hazy altar of Hepliaklqana.
 12831 | D:8      | Found a sparkling altar of Nemelex Xobeh.
 12867 | D:8      | Noticed a11behringer's ghost (novice MiBe)
 13115 | D:9      | Noticed a two-headed ogre
 13193 | D:9      | Killed a two-headed ogre
 13193 | D:9      | Received a gift from Okawaru
 13232 | D:8      | Bought a +0 hand crossbow for 35 gold pieces
 13733 | D:9      | Reached skill level 1 in Crossbows
 13733 | D:9      | Reached XP level 11. HP: 68/68 MP: 15/15
 13774 | D:9      | Noticed a wizard
 14495 | D:10     | Entered Level 10 of the Dungeon
 14801 | D:10     | HP: 16/68 [yak (6)]
 15131 | D:10     | Reached **** piety under Okawaru
 15356 | D:10     | Found a transporter.
 15431 | D:10     | Found a transporter.
 15438 | D:10     | Found a one-way gate to the infinite horrors of the Abyss.
 15438 | D:10     | Noticed Pooter's ghost (novice MiBe)
 16181 | D:10     | Found a blossoming altar of Fedhas.
 16202 | D:10     | Found an ancient bone altar of Kikubaaqudgha.
 16283 | D:10     | Found a shadowy altar of Dithmenos.
 16528 | D:11     | Found a runed translucent gate.
 16528 | D:11     | Found a runed translucent gate.
 16528 | D:11     | Noticed a manticore
 16529 | D:11     | Found a runed translucent gate.
 16537 | D:11     | Found a staircase to the Orcish Mines.
 16562 | D:11     | Noticed a minotaur
 16863 | D:11     | Noticed a manticore
 16875 | D:11     | Killed a manticore
 17114 | D:11     | Noticed a boulder beetle
 17139 | D:11     | Killed a boulder beetle
 17140 | D:11     | Reached skill level 5 in Crossbows
 17278 | D:11     | Received a gift from Okawaru
 17517 | D:11     | HP: 12/69 [orc warrior (19)]
 17753 | D:11     | Noticed a two-headed ogre
 17753 | D:11     | Noticed a two-headed ogre
 17919 | D:11     | Found a staircase to the Lair.
 17920 | D:11     | Noticed a two-headed ogre
 17930 | D:11     | Noticed a boulder beetle
 18063 | D:11     | HP: 13/69 [slime creature (9)]
 18715 | D:1      | Bought a +2 helmet for 231 gold pieces
 19476 | D:11     | Noticed a four-headed hydra
 19494 | Lair:1   | Entered Level 1 of the Lair of Beasts
 19506 | Lair:1   | Reached XP level 12. HP: 76/76 MP: 15/17
 19791 | D:11     | Noticed a boulder beetle
 19816 | D:11     | Noticed mainiacjoe's ghost (journeyman GrFE)
 19882 | D:10     | Killed a four-headed hydra
 21591 | D:10     | Reached skill level 10 in Dodging
 22485 | D:11     | Killed a boulder beetle
 22719 | D:11     | Killed a two-headed ogre
 23261 | D:11     | Killed a two-headed ogre
 23261 | D:11     | Received a gift from Okawaru
 23286 | D:11     | Found Zuenn's Distillery.
 23292 | D:11     | Killed a boulder beetle
 23293 | D:11     | Reached skill level 10 in Fighting
 23568 | Orc:1    | Entered Level 1 of the Orcish Mines
 24044 | D:10     | Killed a two-headed ogre
 24530 | Lair:1   | Reached skill level 10 in Crossbows
 25168 | Lair:1   | Reached XP level 13. HP: 70/83 MP: 16/19
 25233 | Lair:1   | Learned a level 2 spell: Blink
 25603 | Lair:1   | Reached skill level 1 in Evocations
 25613 | Lair:1   | Reached skill level 1 in Translocations
 25632 | Lair:1   | Received a gift from Okawaru
 26388 | Lair:1   | Noticed a five-headed hydra
 26406 | Lair:1   | HP: 25/84 [five-headed hydra (4)]
 26410 | Lair:1   | Killed a five-headed hydra
 26411 | Lair:1   | Reached skill level 10 in Stealth
 26864 | Lair:2   | Noticed a five-headed hydra
 26883 | Lair:2   | Killed a five-headed hydra
 27032 | Lair:2   | Received a gift from Okawaru
 29880 | Lair:3   | Received a gift from Okawaru
 30035 | Lair:3   | Reached skill level 5 in Evocations
 30287 | Lair:3   | Reached ***** piety under Okawaru
 30466 | Lair:3   | Received a gift from Okawaru
 30545 | Lair:3   | Found a hole to the Spider Nest.
 30907 | Lair:3   | Reached XP level 14. HP: 91/91 MP: 20/20
 31768 | Lair:3   | Received a gift from Okawaru
 31963 | Lair:3   | Reached skill level 5 in Translocations
 32271 | Lair:4   | Noticed Rupert
 32277 | Lair:4   | HP: 23/92 [merfolk (17)]
 32482 | Lair:4   | Identified the +8 quick blade of the Beast {vorpal, rCorr
                  | Dex-5 Stlth+} (Okawaru gifted it to you on level 4 of the
                  | Lair of Beasts)
 32482 | Lair:4   | Received a gift from Okawaru
 32732 | Lair:4   | Found a staircase to the Shoals.
 33762 | Lair:5   | Found a staircase to the Slime Pits.
 33762 | Lair:5   | Found a viscous altar of Jiyva.
 34017 | Lair:6   | Entered Level 6 of the Lair of Beasts
 34277 | Lair:6   | Received a gift from Okawaru
 34646 | Lair:6   | Received a gift from Okawaru
 34787 | Lair:6   | Received a gift from Okawaru
 34967 | Lair:6   | Reached XP level 15. HP: 88/98 MP: 21/21
 35109 | Lair:6   | Received a gift from Okawaru
 35372 | Lair:5   | Received a gift from Okawaru
 36033 | Lair:5   | Received a gift from Okawaru
 36424 | Lair:5   | Received a gift from Okawaru
 36913 | Lair:6   | Identified the +0 hat "Unuad" {rPois Regen+ Slay-6}
                  | (Okawaru gifted it to you on level 6 of the Lair of Beasts)
 36913 | Lair:6   | Received a gift from Okawaru
 37293 | Lair:6   | Found the +3 pair of seven-league boots {Rampage+∞}
 37310 | Lair:6   | Identified the +3 trident of Ponk {freeze, Str+4}
 37507 | Lair:6   | HP: 26/100 [death yak (7)]
 37531 | Lair:6   | HP: 28/100 [death yak (5)]
 37539 | Lair:6   | Reached skill level 15 in Dodging
 38185 | D:12     | Noticed Josephine
 38307 | D:12     | Killed Josephine
 38632 | D:12     | Identified the +0 buckler "Gifyx" {rC+ rCorr}
 39201 | D:13     | Upgraded the game from 0.28-a0-906-g0406aca7d3 to
                  | 0.28-a0-909-g796cbd3a86
 39592 | D:13     | Reached skill level 1 in Shields
 39736 | D:13     | Reached skill level 10 in Evocations
 39832 | D:13     | Reached XP level 16. HP: 106/106 MP: 22/22
 40472 | D:13     | Identified the +0 pair of boots of Unambiguity {Will- rCorr
                  | Int+2 Slay+3} (Okawaru gifted it to you on level 13 of the
                  | Dungeon)
 40472 | D:13     | Received a gift from Okawaru
 40638 | D:14     | Noticed Jorgrun
 40845 | D:14     | Noticed Azrael
 40929 | D:14     | Found a blossoming altar of Fedhas.
 41305 | D:14     | Noticed Agnes
 41334 | D:15     | Entered Level 15 of the Dungeon
 41941 | D:15     | Found a staircase to the Depths.
 41967 | D:15     | Reached skill level 1 in Armour
 42027 | D:15     | Found Mekaax's Weapon Boutique.
 42031 | D:15     | Found Jidgh's Jewellery Boutique.
 42035 | D:15     | Found Ebiceoh's Antique Armour Boutique.
 42037 | D:15     | Found Jubep's Weapon Boutique.
 42748 | D:15     | Bought a +0 arbalest for 58 gold pieces
 43877 | Orc:1    | Found a runed translucent gate.
 43878 | Orc:1    | Found a runed translucent gate.
 43879 | Orc:1    | Found a runed translucent gate.
 44086 | Orc:2    | Entered Level 2 of the Orcish Mines
 44137 | Orc:2    | Reached skill level 15 in Fighting
 44147 | Orc:2    | Noticed Donald
 44157 | Orc:2    | Killed Donald
 44918 | Orc:2    | Found Ywig's Weapon Shoppe.
 44972 | Orc:2    | Found a staircase to the Elven Halls.
 45299 | Orc:2    | Found Kain's Antique Weapon Boutique.
 45299 | Orc:2    | Found Acvechasi's Antique Armour Shop.
 45704 | Orc:2    | Bought a glowing arbalest for 240 gold pieces
 45856 | Orc:2    | Received a gift from Okawaru
 45857 | Orc:2    | Reached skill level 15 in Stealth
 45883 | Orc:2    | Found Edopn's General Store.
 46705 | Spider:1 | Entered Level 1 of the Spider Nest
 46706 | Spider:1 | Upgraded the game from 0.28-a0-909-g796cbd3a86 to
                  | 0.28-a0-919-g0b5b508569
 46732 | Spider:1 | Reached XP level 17. HP: 113/113 MP: 23/23
 46992 | Spider:1 | Received a gift from Okawaru
 47674 | Spider:1 | Received a gift from Okawaru
 47792 | Spider:1 | HP: 23/113 [entropy weaver (17)]
 47792 | Spider:1 | HP: 11/113 [jumping spider (7)]
 47792 | Spider:1 | HP: 5/113 [jumping spider (6)]
 47797 | Lair:3   | HP: 30/113 [jumping spider (12)]
 47800 | Lair:3   | HP: 4/113 [jumping spider (17)]
 47950 | Shoals:1 | Entered Level 1 of the Shoals
 48124 | Lair:4   | Identified a scroll of acquirement
 48216 | Lair:4   | Learned a level 3 spell: Lesser Beckoning
 48225 | Shoals:1 | HP: 33/113 [merfolk/boomerang (7)]
 48231 | Shoals:1 | HP: 27/113 [merfolk (12)]
 48231 | Shoals:1 | HP: 11/113 [wind drake/the air (16)]
 48232 | Shoals:1 | Mangled by a merfolk

Illustrated notes

Levels and vault maps discovered:
D:1:      giann_horns, layout_basic, serial_shops, nicolae_shop_trees
D:2:      layout_basic, minmay_strange_pillars, roderic_nine_men_s_morris
D:3:      layout_basic, shapermc_ecumenical_altar_hornbeckon, amethyst_killhole,
          uniq_ijyb
D:4:      layout_loops_ring, supply_closet_lemuel, grunt_tough_drop
D:5:      wander_river, layout_rooms, temple_pool_b, uniq_prince_ribbit1
D:6:      layout_loops_ring
D:7:      layout_basic, guppyfry_early_elven_hall
D:8:      layout_rooms, minitemple, gammafunk_ghost_wrathful_warriors,
          serial_shops, nicolae_shop_stone
D:9:      layout_layer_cave, laboratory
D:10:     layout_irregular_city, grunt_temple_overflow_growth_and_decay,
          grunt_dithmenos_shadows, gammafunk_ghost_abyssal_escape
D:11:     layout_cave_pools, minmay_lair_entry_grove, david_orc_2,
          maelrawn_ghost_gauntlet_escape, serial_park, serial_park_paths
          [serial_park_minivault_5x5_7], serial_park_square1
          [serial_park_minivault_5x5_8], serial_park_square3
          [serial_park_minivault_5x5_3], serial_shops, shop,
          gauntlet_entry_generic
D:12:     layout_roguey, nicolae_fountain_basement, uniq_josephine
D:13:     layout_irregular_city
D:14:     layout_cave_pools, grunt_vaults_entry_fortified, fedhas_altar_2,
          uniq_azrael, uniq_jorgrun, uniq_agnes
D:15:     grunt_enter_depths_magical_seal, layout_loops_ring,
          hellmonk_bongcloud_opening, minmay_shop_grid_forest, minivault_5
Temple:   eino_temple_rhombus
Lair:1:   layout_loops_ring, nicolae_quartered_pool_super,
          chequers_serial_rivers_small_a
Lair:2:   layout_chaotic_city, serial_bayou_shore_a, grunt_megastairs_4
Lair:3:   layout_small_grid, spider_nest_entry_web_field
Lair:4:   statuecave_lemuel, layout_cave_shapes, elwin_shoals_entry_stream,
          portal_ice_cave_rime, uniq_rupert
Lair:5:   layout_regular_city, slime_altar_1, st_stairs_12, lemuel_fruit_fields,
          infiniplex_staircase_pool
Lair:6:   gammafunk_lair_ancient_temple, layout_loops_ring, st_stairs_12
Shoals:1: layout_shoals
Spider:1: nicolae_spider_jumping_over_cracks [nicolae_spider_jumping_sub_rim,
          nicolae_spider_jumping_sub_empty, nicolae_spider_jumping_sub_plain,
          nicolae_spider_jumping_sub_no_exit], guppyfry_spider_mini_1
Orc:1:    layout_caves, ebering_ghost_rock_garden, nicolae_orc_lava_room
Orc:2:    grunt_orc_community_town_hall, layout_caves,
          grunt_orc_community_big_house_2, grunt_orc_community_big_house_2,
          grunt_orc_community_house_3, grunt_orc_community_house_1,
          grunt_orc_community_house_2, grunt_orc_community_house_3,
          grunt_orc_community_house_1, uniq_donald

Skill      XL: |  1  2  3  4  5  6  7  8  9 10 11 12 13 14 15 16 17 |
---------------+----------------------------------------------------+-----
Short Blades   | 3 4 5 6 8 9 |  9.4
Dodging        | 2 3 4 5 6 8 9 11 12 14 15 | 15.8
Throwing       | 3 4 5 6 7 |  7.9
Fighting       | 3 4 5 6 8 9 10 11 13 14 15 | 15.5
Stealth        | 6 7 9 11 13 15 | 15.5
Invocations    | 3 4 6 7 8 |  8.0
Crossbows      | 1 6 10 11 12 | 12.3
Evocations     | 5 7 10 | 10.0
Translocations | 4 6 7 8 |  8.0
Shields        | 1 3 |  3.5
Armour         | 3 |  3.8

Action                   |  1- 3 |  4- 6 |  7- 9 | 10-12 | 13-15 | 16-18 || total
-------------------------+-------+-------+-------+-------+-------+-------++-------
Melee: Dagger            |    71 |   103 |   262 |   894 |    10 |       ||  1340
       Punch             |       |       |     1 |    16 |    11 |       ||    28
       Rapier            |       |       |       |   194 |   725 |       ||   919
       Quick blade       |       |       |       |       |   924 |   890 ||  1814
 Fire: Hand crossbow     |       |       |       |    40 |    65 |    11 ||   116
       Arbalest          |       |       |       |       |       |    54 ||    54
Throw: Dart              |     8 |     4 |    73 |   254 |   319 |   176 ||   834
       Boomerang         |       |       |       |    19 |    14 |       ||    33
 Cast: Blink             |       |       |       |       |       |     9 ||     9
Invok: Heroism           |       |       |     3 |    40 |    37 |    16 ||    96
       Finesse           |       |       |       |     1 |     3 |       ||     4
Evoke: Wand              |       |     5 |     7 |     6 |    22 |    24 ||    64
       Condenser vane    |       |       |       |       |       |     2 ||     2
  Use: Scroll            |       |     2 |       |    19 |    10 |     4 ||    35
       Potion            |       |       |       |     2 |     3 |     2 ||     7
 Stab: Sleeping          |    16 |    16 |    17 |     9 |    25 |    72 ||   155
       Distracted        |     1 |     1 |     1 |     1 |       |     1 ||     5
       Petrified         |       |       |       |       |     1 |       ||     1
Armor: Robe              |    16 |       |       |       |       |       ||    16
       Leather armour    |       |     4 |       |       |     1 |       ||     5
       Swamp dragon scal |       |    32 |    53 |   232 |   250 |   129 ||   696
Dodge: Dodged            |    42 |    51 |   135 |   718 |   795 |   497 ||  2238
Block: Buckler           |       |       |       |       |    10 |   106 ||   116

Table legend: (Time is in decaauts)
 A = Elapsed time spent in this place.
 B = Non-inter-level travel time spent in this place.
 C = Inter-level travel time spent in this place.
 D = Time resting spent in this place.
 E = Time spent auto-exploring this place.
 F = Levels seen in this place.
 G = Mean time per level.
                   A        B        C        D        E       F      G
               +--------+--------+--------+--------+--------+-----+--------+
         Total |  46177 |  41701 |   4476 |   7166 |  23046 |  26 | 1776.0 |
       Dungeon |  27951 |  24807 |   3144 |   4978 |  14030 |  15 | 1863.4 |
        Temple |    239 |    217 |     22 |      0 |    200 |   1 |  239.0 |
          Lair |  13536 |  12593 |    943 |   1912 |   6852 |   6 | 2256.0 |
        Shoals |     96 |     96 |      0 |      3 |      8 |   1 |   96.0 |
   Spider Nest |    990 |    862 |    128 |    165 |    272 |   1 |  990.0 |
  Orcish Mines |   3362 |   3124 |    238 |    107 |   1683 |   2 | 1681.0 |
               +--------+--------+--------+--------+--------+-----+--------+

Top non-repeatable levels by time:
    D:10: 4801 daAuts
    D:11: 3438 daAuts
  Lair:1: 2969 daAuts
  Lair:6: 2611 daAuts
  Lair:3: 2569 daAuts
  Lair:2: 2488 daAuts
     D:7: 2465 daAuts
     D:6: 2302 daAuts
     D:9: 2110 daAuts
   Orc:2: 2084 daAuts
  Lair:5: 1791 daAuts
     D:5: 1617 daAuts
     D:8: 1522 daAuts
     D:4: 1495 daAuts
     D:1: 1445 daAuts
